| TOP OF THE 1ST |
|
Detroit Red Wings batting - Pitching for Winnipeg Goldeyes : RHP Tom Winsor
|
|
Pitching: RHP Tom Winsor
|
|
|
Batting: RHB Carlos Armenteros
|
0-0: Ball 1-0: Called Strike 1-1: Foul Ball, location: 2F 1-2: Ball 2-2: SINGLE (Line Drive, 7LS, EV 95.0 MPH)
|
|
Batting: LHB Jon Frederick
|
0-0: Called Strike 0-1: Ball 1-1: Swinging Strike 1-2: Ball 2-2: Foul Ball, location: 2F 2-2: Fly out, F9 (Flyball, 89D, EV 91.9 MPH)
|
|
Batting: LHB George Moran
|
0-0: Ball Carlos Armenteros steals 2nd base 1-0: Ball 2-0: Ball 3-0: Base on Balls
|
|
Batting: SHB Ross Holland
|
0-0: Foul Ball, location: 2F 0-1: Ball 1-1: Fly out, F5 (Popup, 15, EV 76.2 MPH)
|
|
Batting: RHB Tony Soto
|
0-0: Ball 1-0: Foul Ball, location: 2F 1-1: Called Strike 1-2: Strikes out swinging
|
| Top of the 1st over - 0 runs, 1 hit, 0 errors, 2 left on base; Detroit 0 - Winnipeg 0 |
| BOTTOM OF THE 1ST |
|
Winnipeg Goldeyes batting - Pitching for Detroit Red Wings : RHP Andy Strange
|
|
Pitching: RHP Andy Strange
|
|
|
Batting: RHB John Dew
|
0-0: Foul Ball, location: 2F 0-1: Ball 1-1: Ball 2-1: Fly out, F7 (Flyball, 7LM, EV 79.4 MPH)
|
|
Batting: RHB David McClellan
|
0-0: Called Strike 0-1: Called Strike 0-2: Ball 1-2: Foul Ball, location: 2F 1-2: Ground out 5-3 (Groundball, 56, EV 87.5 MPH)
|
|
Batting: RHB Steve Raine
|
0-0: Called Strike 0-1: Ball 1-1: Called Strike 1-2: Ball 2-2: SINGLE (Groundball, 4D, EV 96.2 MPH)
|
|
Batting: SHB Ian Thompson
|
0-0: Ball 1-0: Called Strike 1-1: Called Strike 1-2: Strikes out looking
|
| Bottom of the 1st over - 0 runs, 1 hit, 0 errors, 1 left on base; Detroit 0 - Winnipeg 0 |
| TOP OF THE 2ND |
|
Detroit Red Wings batting - Pitching for Winnipeg Goldeyes : RHP Tom Winsor
|
|
Batting: RHB Tony Murray
|
0-0: Ball 1-0: Foul Ball, location: 2F 1-1: Foul Ball, location: 2F 1-2: Ball 2-2: Ball 3-2: Foul Ball, location: 2F 3-2: Fly out, F8 (Flyball, 8LM, EV 91.2 MPH)
|
|
Batting: RHB Tony Nunez
|
0-0: Called Strike 0-1: Foul Ball, location: 2F 0-2: Ball 1-2: Ball 2-2: Strikes out swinging
|
|
Batting: LHB Brad Gaskill
|
0-0: Ball 1-0: Foul Ball, location: 2F 1-1: Fly out, F5 (Flyball, 5D, EV 83.8 MPH)
|
| Top of the 2nd over - 0 runs, 0 hits, 0 errors, 0 left on base; Detroit 0 - Winnipeg 0 |
| BOTTOM OF THE 2ND |
|
Winnipeg Goldeyes batting - Pitching for Detroit Red Wings : RHP Andy Strange
|
|
Batting: LHB Marvin Shepherd
|
0-0: Called Strike 0-1: Foul Ball, location: 2F 0-2: Fly out, F7 (Flyball, 7D, EV 93.8 MPH)
|
|
Batting: LHB Kuemon Shishido
|
0-0: Ball 1-0: Called Strike 1-1: Ball 2-1: SINGLE (Groundball, 34D, EV 93.8 MPH)
|
|
Batting: LHB Brian Wagner
|
0-0: Swinging Strike 0-1: Fielders Choice at 2nd, 4-6 (Groundball, 4MD, EV 84.4 MPH)
|
|
Batting: RHB Antonio Santos
|
0-0: Ball 1-0: Ball 2-0: Foul Ball, location: 2F 2-1: Swinging Strike 2-2: Ground out 4-3 (Groundball, 4, EV 80.0 MPH)
|
| Bottom of the 2nd over - 0 runs, 1 hit, 0 errors, 1 left on base; Detroit 0 - Winnipeg 0 |
| TOP OF THE 3RD |
|
Detroit Red Wings batting - Pitching for Winnipeg Goldeyes : RHP Tom Winsor
|
|
Batting: RHB Khalil Coleman
|
0-0: Fly out, F3 (Line Drive, 3, EV 71.9 MPH)
|
|
Batting: RHB Carlos Armenteros
|
0-0: Foul Ball, location: 2F 0-1: Foul Ball, location: 2F 0-2: Fly out, F7 (Line Drive, 7, EV 100.0 MPH)
|
|
Batting: LHB Jon Frederick
|
0-0: Called Strike 0-1: Swinging Strike 0-2: Ball 1-2: Strikes out swinging
|
| Top of the 3rd over - 0 runs, 0 hits, 0 errors, 0 left on base; Detroit 0 - Winnipeg 0 |
| BOTTOM OF THE 3RD |
|
Winnipeg Goldeyes batting - Pitching for Detroit Red Wings : RHP Andy Strange
|
|
Batting: RHB Ton van Dijk
|
0-0: Ball 1-0: Foul Ball, location: 2F 1-1: Called Strike 1-2: Ball 2-2: Foul Ball, location: 2F 2-2: Foul Ball, location: 2F 2-2: Foul Ball, location: 2F 2-2: Ball 3-2: Foul Ball, location: 2F 3-2: Ground out 5-3 (Groundball, 5, EV 83.8 MPH)
|
|
Batting: RHB John Dew
|
0-0: Ball 1-0: Called Strike 1-1: DOUBLE (Line Drive, 78D, EV 108.1 MPH)
|
|
Batting: RHB David McClellan
|
0-0: Foul Ball, location: 2F 0-1: Swinging Strike 0-2: Ball 1-2: Fly out, F7 (Flyball, 78M, EV 86.9 MPH) Runner from 2nd tags up, SAFE at 3rd with throw by LF
|
|
Batting: RHB Steve Raine
|
0-0: Ball 1-0: Called Strike 1-1: Ground out 5-3 (Groundball, 56S, EV 71.2 MPH)
|
| Bottom of the 3rd over - 0 runs, 1 hit, 0 errors, 1 left on base; Detroit 0 - Winnipeg 0 |
| TOP OF THE 4TH |
|
Detroit Red Wings batting - Pitching for Winnipeg Goldeyes : RHP Tom Winsor
|
|
Batting: LHB George Moran
|
0-0: Ground out U3 (Groundball, 34, EV 86.9 MPH)
|
|
Batting: SHB Ross Holland
|
0-0: Foul Ball, location: 2F 0-1: Ball 1-1: Ball 2-1: Swinging Strike 2-2: Strikes out swinging
|
|
Batting: RHB Tony Soto
|
0-0: Ground out 3-1 (Groundball, 34S, EV 87.5 MPH)
|
| Top of the 4th over - 0 runs, 0 hits, 0 errors, 0 left on base; Detroit 0 - Winnipeg 0 |
| BOTTOM OF THE 4TH |
|
Winnipeg Goldeyes batting - Pitching for Detroit Red Wings : RHP Andy Strange
|
|
Batting: SHB Ian Thompson
|
0-0: Ball 1-0: Foul Ball, location: 2F 1-1: Ball 2-1: Foul Ball, location: 2F 2-2: Ground out 6-3 (Groundball, 6S, EV 82.5 MPH)
|
|
Batting: LHB Marvin Shepherd
|
0-0: Foul Ball, location: 2F 0-1: Ball 1-1: Called Strike 1-2: Foul Ball, location: 2F 1-2: Ground out 4-3 (Groundball, 4M, EV 101.9 MPH)
|
|
Batting: LHB Kuemon Shishido
|
0-0: Ball 1-0: Ball 2-0: Ball 3-0: Called Strike 3-1: Foul Ball, location: 2F 3-2: Base on Balls
|
|
Batting: LHB Brian Wagner
|
0-0: Called Strike 0-1: Ball 1-1: Called Strike 1-2: Foul Ball, location: 2F 1-2: Fielders Choice at 2nd, 5-4 (Groundball, 56, EV 91.2 MPH)
|
| Bottom of the 4th over - 0 runs, 0 hits, 0 errors, 1 left on base; Detroit 0 - Winnipeg 0 |
| TOP OF THE 5TH |
|
Detroit Red Wings batting - Pitching for Winnipeg Goldeyes : RHP Tom Winsor
|
|
Batting: RHB Tony Murray
|
0-0: Called Strike 0-1: Fly out, F7 (Line Drive, 7, EV 101.9 MPH)
|
|
Batting: RHB Tony Nunez
|
0-0: Called Strike 0-1: Ball 1-1: Foul Ball, location: 2F 1-2: Foul Ball, location: 2F 1-2: DOUBLE (Flyball, 8LXD, EV 107.5 MPH)
|
|
Batting: LHB Brad Gaskill
|
0-0: Called Strike 0-1: Foul Ball, location: 2F 0-2: Ball 1-2: Strikes out looking
|
|
Batting: RHB Khalil Coleman
|
0-0: Foul Ball, location: 2F 0-1: Ball 1-1: Foul Ball, location: 2F 1-2: Ball 2-2: Strikes out swinging
|
| Top of the 5th over - 0 runs, 1 hit, 0 errors, 1 left on base; Detroit 0 - Winnipeg 0 |
| BOTTOM OF THE 5TH |
|
Winnipeg Goldeyes batting - Pitching for Detroit Red Wings : RHP Andy Strange
|
|
Batting: RHB Antonio Santos
|
0-0: Swinging Strike 0-1: Ball 1-1: Called Strike 1-2: Foul Ball, location: 2F 1-2: Strikes out looking
|
|
Batting: RHB Ton van Dijk
|
0-0: Ball 1-0: Ground out 5-3 (Groundball, 56S, EV 71.2 MPH)
|
|
Batting: RHB John Dew
|
0-0: Swinging Strike 0-1: Ball 1-1: Ball 2-1: Foul Ball, location: 2F 2-2: Ball 3-2: Ground out 5-3 (Groundball, 5, EV 91.2 MPH)
|
| Bottom of the 5th over - 0 runs, 0 hits, 0 errors, 0 left on base; Detroit 0 - Winnipeg 0 |
| TOP OF THE 6TH |
|
Detroit Red Wings batting - Pitching for Winnipeg Goldeyes : RHP Tom Winsor
|
|
Batting: RHB Carlos Armenteros
|
0-0: Ball 1-0: Foul Ball, location: 2F 1-1: Ball 2-1: Called Strike 2-2: Strikes out looking
|
|
Batting: LHB Jon Frederick
|
0-0: Foul Ball, location: 2F 0-1: Ball 1-1: SOLO HOME RUN (Flyball, 9LD, EV 95.6 MPH), Distance : 383 ft
|
|
Batting: LHB George Moran
|
0-0: Ball 1-0: Called Strike 1-1: Swinging Strike 1-2: SINGLE (Line Drive, 7LS, EV 103.1 MPH)
|
|
Batting: SHB Ross Holland
|
0-0: Ball George Moran steals 2nd base 1-0: Foul Ball, location: 2F 1-1: Swinging Strike 1-2: Strikes out swinging
|
|
Batting: RHB Tony Soto
|
0-0: Foul Ball, location: 2F 0-1: SINGLE (Flyball, 4MD, EV 100.0 MPH) George Moran to third
|
|
Batting: RHB Tony Murray
|
0-0: Called Strike 0-1: Ball 1-1: Foul Ball, location: 2F 1-2: Foul Ball, location: 2F 1-2: Fielders Choice at 2nd, 6-4 (Groundball, 6, EV 96.2 MPH)
|
| Top of the 6th over - 1 run, 3 hits, 0 errors, 2 left on base; Detroit 1 - Winnipeg 0 |
| BOTTOM OF THE 6TH |
|
Winnipeg Goldeyes batting - Pitching for Detroit Red Wings : RHP Andy Strange
|
|
Batting: RHB David McClellan
|
0-0: Called Strike 0-1: Swinging Strike 0-2: Strikes out swinging
|
|
Batting: RHB Steve Raine
|
0-0: Ball 1-0: Ball 2-0: Fly out, F9 (Flyball, 89M, EV 91.2 MPH)
|
|
Batting: SHB Ian Thompson
|
0-0: Ball 1-0: Ball 2-0: Ball 3-0: Base on Balls
|
|
Batting: LHB Marvin Shepherd
|
0-0: Ball 1-0: Called Strike Ian Thompson steals 2nd base 1-1: Ball 2-1: Foul Ball, location: 2F 2-2: Ball 3-2: Base on Balls
|
|
Batting: LHB Kuemon Shishido
|
0-0: Ball 1-0: Foul Ball, location: 2F 1-1: SINGLE (Groundball, 34D, EV 94.4 MPH) Ian Thompson to third Marvin Shepherd to second Runner from 3rd tries for Home, SAFE, throw by RF to home
|
|
Batting: LHB Brian Wagner
|
0-0: Called Strike 0-1: Ball 1-1: Fly out, F9 (Flyball, 9LS, EV 94.4 MPH)
|
| Bottom of the 6th over - 1 run, 1 hit, 0 errors, 2 left on base; Detroit 1 - Winnipeg 1 |
| TOP OF THE 7TH |
|
Detroit Red Wings batting - Pitching for Winnipeg Goldeyes : RHP Tom Winsor
|
|
Batting: RHB Tony Nunez
|
0-0: Ball 1-0: Ball 2-0: Ball 3-0: Base on Balls
|
|
Batting: LHB Brad Gaskill
|
0-0: Ball 1-0: Ball 2-0: Swinging Strike 2-1: Foul Ball, location: 2F 2-2: Foul Ball, location: 2F 2-2: Strikes out looking
|
|
Batting: RHB Khalil Coleman
|
0-0: Called Strike 0-1: Fly out, F8 (Flyball, 89D, EV 89.4 MPH)
|
|
Batting: RHB Carlos Armenteros
|
0-0: Called Strike 0-1: Ball 1-1: Foul Ball, location: 2F 1-2: Foul Ball, location: 2F 1-2: Ball 2-2: Ball 3-2: Base on Balls Tony Nunez to second
|
|
Batting: LHB Jon Frederick
|
0-0: Ball 1-0: Ball 2-0: Foul Ball, location: 2F 2-1: Called Strike 2-2: Ball 3-2: Strikes out looking
|
| Top of the 7th over - 0 runs, 0 hits, 0 errors, 2 left on base; Detroit 1 - Winnipeg 1 |
| BOTTOM OF THE 7TH |
|
Winnipeg Goldeyes batting - Pitching for Detroit Red Wings : RHP Andy Strange
|
|
Pitching: RHP Chris Wilkerson
|
|
|
Batting: RHB Antonio Santos
|
0-0: Called Strike 0-1: Ball 1-1: Ball 2-1: Ball 3-1: Base on Balls
|
|
Batting: RHB Ton van Dijk
|
0-0: Bunted foul 0-1: Sac Bunt to 2R - play at first, batter OUT! 2-4 Antonio Santos to second
|
|
Batting: RHB John Dew
|
0-0: Ball 1-0: Swinging Strike 1-1: Foul Ball, location: 2F 1-2: Ball 2-2: Foul Ball, location: 2F 2-2: SINGLE (Line Drive, 89S, EV 105.0 MPH) Antonio Santos to third
|
|
Batting: RHB David McClellan
|
0-0: Fly out, F8 (Flyball, 8RD, EV 89.4 MPH) Runner from 3rd tags up, OUT at HOME! 8-2
|
| Bottom of the 7th over - 0 runs, 1 hit, 0 errors, 1 left on base; Detroit 1 - Winnipeg 1 |
| TOP OF THE 8TH |
|
Detroit Red Wings batting - Pitching for Winnipeg Goldeyes : RHP Tom Winsor
|
|
Pitching: RHP Tim Weller
|
|
|
Batting: LHB George Moran
|
0-0: Ball 1-0: Fly out, F7 (Flyball, 78M, EV 84.4 MPH)
|
|
Batting: SHB Ross Holland
|
0-0: Ball 1-0: Ball 2-0: Ball 3-0: Base on Balls
|
|
Batting: RHB Tony Soto
|
0-0: Ball 1-0: Ball 2-0: Ball 3-0: Called Strike 3-1: Base on Balls Ross Holland to second
|
|
Batting: RHB Tony Murray
|
0-0: Ball 1-0: Ball 2-0: Called Strike 2-1: Ball 3-1: SINGLE (Flyball, 6D, EV 93.1 MPH) Ross Holland to third Tony Soto to second
|
|
Batting: RHB Tony Nunez
|
0-0: Ball 1-0: Foul Ball, location: 2F 1-1: Foul Ball, location: 2F 1-2: Ball 2-2: Strikes out swinging
|
|
Pitching: LHP Kevin Drew
|
|
|
Batting: LHB Glen Boyle
|
0-0: Called Strike 0-1: Ball 1-1: Called Strike 1-2: Ball 2-2: Foul Ball, location: 2F 2-2: Foul Ball, location: 2F 2-2: Fly out, F7 (Flyball, 7, EV 84.4 MPH)
|
| Top of the 8th over - 0 runs, 1 hit, 0 errors, 3 left on base; Detroit 1 - Winnipeg 1 |
| BOTTOM OF THE 8TH |
|
Winnipeg Goldeyes batting - Pitching for Detroit Red Wings : RHP Chris Wilkerson
|
|
Pitching: RHP Jerome Stady
|
|
|
Batting: RHB Steve Raine
|
0-0: Swinging Strike 0-1: Ball 1-1: Foul Ball, location: 2F 1-2: Strikes out swinging
|
|
Batting: SHB Ian Thompson
|
0-0: Foul Ball, location: 2F 0-1: Called Strike 0-2: Strikes out looking
|
|
Batting: LHB Marvin Shepherd
|
0-0: Foul Ball, location: 2F 0-1: Ball 1-1: Foul Ball, location: 2F 1-2: SINGLE (Groundball, 34D, EV 97.5 MPH)
|
|
Batting: LHB Kuemon Shishido
|
0-0: Ball 1-0: Called Strike 1-1: Called Strike Marvin Shepherd steals 2nd base 1-2: Fly out, F8 (Flyball, 8RD, EV 106.2 MPH)
|
| Bottom of the 8th over - 0 runs, 1 hit, 0 errors, 1 left on base; Detroit 1 - Winnipeg 1 |
| TOP OF THE 9TH |
|
Detroit Red Wings batting - Pitching for Winnipeg Goldeyes : LHP Kevin Drew
|
|
Batting: RHB Khalil Coleman
|
0-0: Called Strike 0-1: Ball 1-1: Ball 2-1: Ball 3-1: Fly out, F8 (Line Drive, 8RM, EV 100.6 MPH)
|
|
Batting: RHB Carlos Armenteros
|
0-0: Called Strike 0-1: Called Strike 0-2: Ball 1-2: Strikes out swinging
|
|
Batting: LHB Jon Frederick
|
0-0: Ball 1-0: Foul Ball, location: 2F 1-1: Ball 2-1: Called Strike 2-2: Foul Ball, location: 2F 2-2: Fly out, F8 (Flyball, 8LXD, EV 110.6 MPH)
|
| Top of the 9th over - 0 runs, 0 hits, 0 errors, 0 left on base; Detroit 1 - Winnipeg 1 |
| BOTTOM OF THE 9TH |
|
Winnipeg Goldeyes batting - Pitching for Detroit Red Wings : RHP Jerome Stady
|
|
Batting: LHB Brian Wagner
|
0-0: Swinging Strike 0-1: Fly out, F9 (Flyball, 9LM, EV 88.1 MPH)
|
|
Batting: RHB Antonio Santos
|
0-0: Swinging Strike 0-1: Swinging Strike 0-2: Strikes out looking
|
|
Batting: RHB Ton van Dijk
|
0-0: Foul Ball, location: 2F 0-1: Ball 1-1: Swinging Strike 1-2: Ball 2-2: Foul Ball, location: 2F 2-2: Ball 3-2: Ground out U3 (Groundball, 13, EV 90.0 MPH)
|
| Bottom of the 9th over - 0 runs, 0 hits, 0 errors, 0 left on base; Detroit 1 - Winnipeg 1 |
| TOP OF THE 10TH |
|
Detroit Red Wings batting - Pitching for Winnipeg Goldeyes : LHP Kevin Drew
|
|
Pitching: RHP Larry Muttart
|
|
|
Batting: LHB George Moran
|
0-0: Called Strike 0-1: Ball 1-1: Ball 2-1: Foul Ball, location: 2F 2-2: Ball 3-2: Fly out, F8 (Flyball, 8RXD, EV 98.1 MPH)
|
|
Batting: SHB Ross Holland
|
0-0: Ball 1-0: Called Strike 1-1: Ball 2-1: Ball 3-1: Base on Balls
|
|
Batting: RHB Tony Soto
|
0-0: Ball 1-0: Foul Ball, location: 2F 1-1: Ball Ross Holland is caught stealing 2nd base 2-4 2-1: Ball 3-1: Base on Balls
|
|
Batting: RHB Tony Murray
|
0-0: Called Strike 0-1: Ball 1-1: Called Strike 1-2: Foul Ball, location: 2F 1-2: Ground out 6-3 (Groundball, 56D, EV 102.5 MPH)
|
| Top of the 10th over - 0 runs, 0 hits, 0 errors, 1 left on base; Detroit 1 - Winnipeg 1 |
| BOTTOM OF THE 10TH |
|
Winnipeg Goldeyes batting - Pitching for Detroit Red Wings : RHP Jerome Stady
|
|
Batting: RHB John Dew
|
0-0: Ball 1-0: Ball 2-0: Ball 3-0: Base on Balls
|
|
Batting: RHB David McClellan
|
0-0: Ball 1-0: Ball 2-0: Bunted foul 2-1: Bunted foul 2-2: Foul Ball, location: 2F 2-2: Strikes out looking
|
|
Batting: RHB Steve Raine
|
0-0: Ball 1-0: Called Strike 1-1: Called Strike 1-2: Ball 2-2: Strikes out swinging
|
|
Pitching: RHP Adam Fisher
|
|
|
Batting: SHB Ian Thompson
|
0-0: Called Strike 0-1: Ball John Dew steals 2nd base 1-1: Foul Ball, location: 2F 1-2: Ball 2-2: Ball 3-2: 2-RUN HOME RUN (Flyball, 9D, EV 103.1 MPH), Distance : 384 ft
|
| Bottom of the 10th over - 2 runs, 1 hit, 0 errors, 0 left on base; Detroit 1 - Winnipeg 3 |
| |
|
Game Over ... Winnipeg defeats Detroit, 3 to 1
|
|
|